Map: Nightscape LE

Players

griff

  • Race: Terran Terran
  • Spawn Location: 1:00

Sanctum

  • Race: Protoss Protoss
  • Spawn Location: 1:00

qqq

  • Race: Zerg Zerg
  • League: Platinum
  • Spawn Location: 7:00

Massa

  • Race: Terran Terran
  • League: Platinum
  • Spawn Location: 7:00

VOD

Have the link to the VOD?

Description

Time

  • Played on: Nov. 22, 2020, 8:53 a.m.
  • Length: 15:59
Show
View Real Time Build Order
Export as new Build Order

griff Terran 

Build Orders: Gas First Reaper Expand 

Get SALT Encoding   

  12  0:00  SCV  
  13  0:17  Supply Depot  
  13  0:19  SCV  
  14  0:27  Refinery  
  14  0:45  Barracks  
  14  0:48  SCV  
  15  1:00  SCV  
  16  1:13  SCV  
  17  1:33  Reaper  
  18  1:40  Command Center  
  18  1:51  Factory  
  18  1:56  Orbital Command  
  18  2:07  Barracks Reactor  
  18  2:23  Refinery  
  18  2:45  Starport  
  17  3:00  Barracks Tech Lab  
  21  3:06  Hellion x2  
  20  3:21  SCV  
  20  3:37  Hellion x2  
  20  3:38  Medivac  
  20  3:40  Marauder  
  28  3:45  SCV  
  30  3:51  Orbital Command  
  29  3:59  SCV  
  30  4:03  Hellion x2  
  30  4:11  SCV  
  30  4:15  Marauder  
  30  4:16  Starport Reactor  
  33  4:19  Starport Tech Lab  
  33  4:25  SCV x2  
  35  4:35  Hellion  
  35  4:37  SCV  
  38  4:51  Supply Depot  
  38  5:04  Supply Depot  
  38  5:07  Supply Depot  
  38  5:13  Raven, Hellion x2, Marauder  
  46  5:26  SCV x2  
  48  5:35  Widow Mine  
  50  5:36  Command Center  
  50  5:38  SCV x2  
  54  5:42  Marauder  
  54  5:49  Armory  
  54  5:50  SCV x2  
  56  6:02  SCV x2  
  52  6:31  SCV x2  
  54  6:34  Refinery  
  54  6:35  Widow Mine x2  
  54  6:36  Refinery  
  54  6:39  Marauder  
  60  6:42  Raven  
  62  6:48  SCV  
  62  6:49  Supply Depot  
  62  6:50  Supply Depot  
  62  6:53  Supply Depot  
  63  6:54  Supply Depot  
  63  6:59  SCV  
  63  7:00  SCV  
  65  7:11  SCV  
  65  7:14  Supply Depot  
  65  7:15  Terran Vehicle Weapons Level 1  
  66  7:20  Armory  
  66  7:27  Factory  
  66  7:32  Factory  
  66  7:36  Hellbat x2  
  70  7:38  Factory  
  70  7:39  Marauder  
  70  7:43  SCV x2  
  74  7:49  Orbital Command  
  74  7:55  SCV x2  
  74  7:57  Widow Mine  
  78  8:11  SCV x2  
  80  8:15  Factory Tech Lab  
  80  8:17  Factory Tech Lab  
  80  8:20  Liberator  
  80  8:21  Marauder  
  80  8:23  Hellbat x2, SCV  
  80  8:24  Factory Tech Lab  
  86  8:35  Supply Depot  
  86  8:36  Supply Depot  
  86  8:39  Supply Depot x2  
  84  8:52  Siege Tank x2  
  84  8:53  Siege Tank  
  93  8:57  SCV x3  
  96  9:09  Engineering Bay, SCV x3  
  99  9:21  SCV  
  100  9:32  Thor, Hellbat, Marauder  
  100  9:33  Hellbat  
  100  9:36  Siege Tank  
  112  9:43  Refinery  
  112  9:44  Refinery  
  110  9:53  Marauder  
  110  9:59  Command Center  
  110  10:15  Marauder  
  110  10:17  Thor x2  
  124  10:31  Thor  
  130  10:46  Orbital Command  
  130  10:47  SCV x2  
  132  10:59  SCV  
  132  11:00  SCV  
  132  11:02  Missile Turret  
  132  11:03  Missile Turret  
  80  11:30  Cyclone, Marauder  
  80  11:31  Hellbat x2, Siege Tank  
  80  11:32  Siege Tank  
  70  11:53  Orbital Command  
  67  12:02  Siege Tank  
  68  12:34  Refinery  
  66  12:38  Siege Tank x3  
  66  12:40  Hellbat x2  
  77  13:01  Hellbat  
  77  13:02  Hellbat  
  77  13:04  Orbital Command  
  81  13:08  Refinery  
  81  13:10  Widow Mine, Hellbat, Refinery  
  81  13:11  Widow Mine  
  87  13:23  Hellion x2  
  87  13:24  SCV x3  
  94  13:34  Siege Tank x2  
  94  13:36  Hellbat  
  102  13:44  Hellbat x2  
  106  13:57  Hellbat  
  108  14:03  Raven  
  108  14:06  Hellbat  
  112  14:31  SCV x4  
  114  14:33  Thor, Marauder  
  114  14:34  Cyclone  
  114  14:36  Hellbat x3  
  109  14:55  Marauder  
  109  14:56  Thor  
  100  15:16  Marauder  
  102  15:38  Marauder  
Show
View Real Time Build Order
Export as new Build Order

Sanctum Protoss 

Build Orders: 1 Gate Expand, Phoenix Opening, Carriers, Mass Phoenix 

Get SALT Encoding   

  12  0:01  Probe  
  13  0:13  Probe  
  14  0:18  Pylon  
  14  0:25  Probe  
  15  0:38  Probe (Chrono Boost)  
  15  0:39  Gateway  
  16  0:45  Assimilator  
  17  0:50  Probe (Chrono Boost)  
  17  0:57  Probe (Chrono Boost)  
  18  1:04  Probe  
  19  1:16  Probe  
  20  1:32  Nexus  
  20  1:43  Cybernetics Core  
  20  1:49  Assimilator  
  20  1:51  Probe  
  21  1:56  Pylon  
  21  2:03  Probe  
  22  2:16  Probe  
  22  2:20  Stargate  
  22  2:21  Adept (Chrono Boost)  
  24  2:31  Probe  
  25  2:43  Adept  
  25  2:45  Probe x2  
  29  3:11  Probe  
  29  3:12  Probe  
  31  3:15  Stargate  
  31  3:24  Probe  
  32  3:29  Probe  
  33  3:36  Probe  
  34  3:45  Phoenix  
  36  3:51  Probe x2  
  36  3:55  Assimilator  
  38  4:00  Assimilator  
  38  4:03  Pylon, Probe  
  38  4:06  Pylon  
  38  4:09  Pylon  
  35  4:24  Phoenix x2  
  35  4:29  Probe (Chrono Boost)  
  35  4:30  Probe (Chrono Boost)  
  41  4:42  Probe (Chrono Boost)  
  41  4:43  Probe (Chrono Boost)  
  43  4:47  Probe (Chrono Boost)  
  43  4:48  Probe (Chrono Boost)  
  43  4:49  Pylon, Phoenix  
  43  4:52  Pylon  
  47  4:55  Phoenix  
  47  4:56  Probe (Chrono Boost)  
  47  4:57  Protoss Air Weapons Level 1, Probe (Chrono Boost)  
  51  5:06  Forge  
  53  5:07  Probe x2 (Chrono Boost)  
  53  5:11  Probe (Chrono Boost)  
  54  5:14  Phoenix  
  54  5:20  Phoenix  
  58  5:39  Phoenix  
  60  5:45  Phoenix  
  62  6:04  Phoenix  
  62  6:10  Phoenix  
  66  6:17  Nexus  
  66  6:18  Fleet Beacon  
  66  6:21  Assimilator  
  66  6:26  Assimilator  
  66  6:29  Phoenix, Pylon  
  66  6:32  Pylon  
  68  6:35  Phoenix  
  70  6:47  Probe x2  
  72  6:59  Probe x2  
  74  7:08  Anion Pulse-Crystals (Chrono Boost)  
  74  7:21  Photon Cannon  
  74  7:23  Photon Cannon  
  74  7:26  Photon Cannon  
  74  7:27  Phoenix x2  
  74  7:28  Shield Battery, Photon Cannon  
  76  7:31  Shield Battery  
  76  7:46  Protoss Air Weapons Level 2  
  70  7:54  Phoenix x2  
  70  7:57  Probe x3  
  77  8:09  Probe x3  
  80  8:18  Phoenix  
  80  8:19  Phoenix  
  84  8:21  Probe, Stargate  
  84  8:22  Stargate  
  84  8:24  Cybernetics Core  
  85  8:28  Photon Cannon  
  85  8:31  Photon Cannon  
  85  8:32  Photon Cannon  
  85  8:34  Shield Battery, Photon Cannon  
  85  8:35  Photon Cannon  
  85  8:37  Photon Cannon  
  85  8:41  Photon Cannon  
  77  9:24  Carrier x3 (Chrono Boost)  
  101  9:34  Carrier (Chrono Boost)  
  101  9:44  Protoss Air Armor Level 1  
  101  9:46  Protoss Shields Level 1  
  101  10:21  Carrier  
  101  10:25  Carrier  
  101  10:26  Carrier  
  111  10:33  Carrier  
  117  10:58  Nexus  
  117  11:00  Assimilator  
  111  11:05  Assimilator  
  111  11:08  Pylon  
  111  11:11  Pylon  
  117  11:25  Carrier  
  117  11:30  Carrier  
  115  11:55  Carrier x2  
  127  12:03  Probe x3  
  130  12:12  Photon Cannon  
  130  12:14  Protoss Air Armor Level 2  
  130  12:15  Photon Cannon, Probe x2  
  132  12:17  Photon Cannon  
  132  12:20  Photon Cannon  
  132  12:21  Pylon  
  132  12:22  Shield Battery  
  132  12:23  Pylon  
  132  12:24  Shield Battery  
  132  12:25  Pylon  
  132  12:56  Protoss Air Weapons Level 3  
  126  13:07  Carrier  
  126  13:08  Carrier x2  
  144  13:33  Carrier  
  150  13:49  Probe x4  
  148  14:01  Probe  
  131  14:12  Carrier  
  137  14:37  Carrier x3  
  155  15:20  Probe x4  
  159  15:32  Probe x4  
Show
View Real Time Build Order
Export as new Build Order

qqq Zerg 

Build Orders: Hatch First 

Get SALT Encoding   

  12  0:00  Drone  
  13  0:09  Drone  
  14  0:27  Overlord  
  14  0:46  Drone  
  14  0:49  Hatchery, Drone  
  15  0:55  Drone  
  16  1:13  Spawning Pool  
  16  1:16  Drone  
  17  1:18  Drone  
  17  1:21  Extractor  
  16  1:32  Drone  
  17  1:35  Drone  
  18  1:48  Drone  
  18  1:51  Drone  
  20  2:05  Overlord  
  20  2:07  Queen  
  20  2:08  Queen  
  22  2:10  Drone  
  22  2:15  Drone  
  26  2:20  Overlord  
  26  2:26  Zergling x2  
  27  2:30  Drone  
  27  2:33  Metabolic Boost  
  28  2:39  Zergling x2  
  28  2:40  Drone  
  30  2:45  Extractor  
  30  2:47  Drone  
  30  2:49  Drone  
  31  2:56  Drone  
  32  2:59  Drone  
  33  3:05  Drone  
  33  3:07  Zergling x2  
  35  3:18  Drone x3  
  35  3:19  Drone  
  39  3:20  Drone x2  
  39  3:21  Zergling x2  
  39  3:24  Lair  
  42  3:38  Drone  
  42  3:41  Drone  
  44  3:43  Overlord x2  
  43  4:09  Zergling x8  
  46  4:10  Zergling x2  
  44  4:25  Drone x4  
  44  4:27  Zergling x2  
  49  4:32  Spire  
  49  4:34  Drone  
  49  4:46  Drone x3  
  49  4:48  Extractor  
  49  4:49  Extractor  
  49  4:56  Hatchery  
  49  4:57  Overlord  
  49  4:58  Drone, Zergling x2  
  50  5:03  Drone  
  50  5:04  Drone  
  52  5:07  Hatchery  
  51  5:16  Zergling x6  
  51  5:17  Drone x2  
  56  5:24  Drone x3  
  59  5:30  Spore Crawler, Infestation Pit  
  59  5:32  Drone x4  
  59  5:46  Corruptor  
  59  5:47  Spore Crawler, Corruptor x2  
  64  5:54  Drone  
  64  6:01  Overlord  
  64  6:02  Mutalisk x2  
  64  6:04  Overlord  
  68  6:10  Drone x2  
  60  6:26  Mutalisk x4  
  68  6:36  Drone  
  68  6:37  Drone x3  
  72  6:42  Hive  
  72  6:44  Zerg Flyer Weapons Level 1  
  72  6:49  Spore Crawler  
  72  6:50  Drone  
  70  6:58  Drone  
  70  6:59  Corruptor  
  73  7:07  Spore Crawler  
  72  7:09  Drone  
  72  7:10  Drone x2  
  75  7:20  Overlord x2  
  75  7:28  Overlord  
  74  7:38  Drone x4  
  74  7:39  Drone x3  
  74  7:40  Drone  
  82  7:47  Corruptor  
  84  7:56  Spore Crawler  
  83  7:59  Spine Crawler  
  83  8:04  Corruptor x2  
  86  8:09  Viper  
  86  8:12  Drone  
  90  8:13  Drone  
  91  8:24  Drone  
  91  8:25  Drone x4  
  91  8:38  Mutalisk  
  91  8:39  Corruptor x2  
  91  8:40  Corruptor  
  92  8:42  Drone  
  92  8:43  Drone  
  94  8:51  Overlord x3  
  94  8:52  Drone  
  95  8:58  Drone  
  95  8:59  Spine Crawler  
  95  9:04  Overlord  
  95  9:07  Overlord x3  
  92  9:18  Corruptor x2  
  96  9:25  Drone x4  
  96  9:26  Drone x3  
  96  9:30  Greater Spire  
  103  9:39  Drone x5  
  103  9:40  Corruptor  
  85  10:24  Corruptor x2  
  85  10:25  Corruptor  
  83  10:29  Viper  
  83  10:30  Viper x2  
  83  10:31  Corruptor x2  
  83  10:34  Drone  
  93  10:37  Extractor  
  93  10:38  Extractor  
  93  10:41  Mutalisk  
  93  10:43  Drone x6  
  96  10:57  Hatchery  
  88  11:08  Overseer x2  
  88  11:10  Mutalisk x2  
  92  11:12  Drone x4  
  94  11:33  Hatchery  
  94  11:37  Pneumatized Carapace  
  94  11:38  Drone x3  
  94  11:39  Drone x3  
  99  11:49  Mutalisk x2  
  99  11:51  Mutalisk x3  
  109  11:58  Corruptor  
  109  12:00  Drone x2  
  113  12:04  Overseer  
  113  12:05  Drone, Overseer  
  113  12:06  Drone  
  115  12:12  Drone x3  
  118  12:19  Queen  
  118  12:21  Queen  
  122  12:25  Overseer  
  122  12:35  Hatchery x2  
  118  12:49  Corruptor x4  
  118  12:50  Corruptor  
  124  12:54  Queen  
  110  13:02  Corruptor x2  
  110  13:03  Corruptor  
  110  13:04  Viper  
  105  13:06  Drone x4, Zergling x2  
  105  13:07  Drone x5  
  107  13:13  Spore Crawler x2  
  103  13:24  Corruptor x3  
  108  13:27  Drone  
  108  13:28  Drone x2  
  108  13:32  Zerg Flyer Weapons Level 2  
  105  13:43  Extractor  
  105  13:45  Extractor  
  105  13:47  Extractor  
  105  13:48  Spire  
  91  13:50  Lair  
  87  14:00  Corruptor  
  69  14:10  Corruptor  
  69  14:13  Drone  
  69  14:14  Drone x5  
  69  14:16  Extractor  
  76  14:24  Corruptor x2  
  76  14:25  Drone  
  76  14:26  Drone  
  82  14:34  Viper  
  85  14:48  Drone x4  
  89  14:56  Overlord  
  89  14:57  Corruptor x4  
  89  14:59  Drone  
  99  15:00  Drone  
  99  15:12  Spawning Pool  
  98  15:15  Ultralisk Cavern, Corruptor x2, Drone x2  
Show
View Real Time Build Order
Export as new Build Order

Massa Terran 

Build Orders:  

Get SALT Encoding   

  12  0:00  SCV  
  13  0:12  SCV  
  14  0:22  Supply Depot  
  14  0:24  SCV  
  15  0:31  Refinery  
  15  0:43  SCV  
  15  0:48  Barracks  
  16  0:56  SCV  
  17  1:08  SCV  
  18  1:20  SCV  
  19  1:32  SCV  
  20  1:36  Reaper  
  21  1:43  Command Center  
  21  1:48  Orbital Command  
  21  2:08  Marine  
  22  2:15  Factory, SCV  
  23  2:29  Supply Depot  
  23  2:34  Barracks Reactor  
  24  2:51  SCV  
  24  3:03  SCV  
  26  3:15  Orbital Command, SCV  
  25  3:27  SCV  
  25  3:28  Marine x2  
  25  3:29  Factory Tech Lab  
  25  3:33  Command Center  
  28  3:39  SCV  
  29  3:45  Marine  
  29  3:46  Marine  
  29  3:48  Barracks, SCV  
  31  3:50  Starport  
  31  3:52  SCV  
  33  3:57  Refinery  
  33  4:00  Siege Tank  
  33  4:01  SCV  
  37  4:03  Marine x2  
  39  4:21  Marine x2  
  41  4:32  Siege Tank  
  41  4:37  Barracks Tech Lab  
  44  4:39  Marine x2  
  44  4:45  SCV x2  
  48  4:48  Supply Depot  
  48  4:51  Engineering Bay  
  48  4:53  SCV  
  48  4:54  Supply Depot  
  48  4:57  Marine, SCV x2  
  52  5:05  Widow Mine, SCV  
  52  5:06  Marine, Marauder  
  58  5:09  SCV  
  59  5:15  Marine  
  60  5:27  Marauder  
  62  5:34  Missile Turret  
  62  5:37  Missile Turret  
  62  5:40  Missile Turret  
  62  5:42  SCV x2  
  64  5:48  Missile Turret, Refinery x2  
  64  5:50  Missile Turret  
  64  5:54  Orbital Command, SCV x2  
  66  6:00  Marine  
  66  6:01  Marine, Marauder  
  66  6:02  Stimpack  
  70  6:06  SCV  
  70  6:07  Cyclone  
  70  6:10  SCV  
  75  6:18  Marine, SCV  
  77  6:32  Supply Depot  
  77  6:34  Refinery, Supply Depot  
  77  6:35  Supply Depot  
  77  6:36  Supply Depot x2  
  77  6:44  Missile Turret  
  77  6:47  Missile Turret  
  77  6:53  Medivac, Marine x2  
  77  6:54  Marauder, SCV x2  
  85  6:55  SCV  
  85  7:01  Supply Depot  
  85  7:06  SCV x2  
  85  7:07  SCV  
  88  7:11  Marine x2  
  92  7:15  Marauder  
  92  7:18  SCV x2  
  92  7:20  SCV  
  95  7:23  Missile Turret  
  95  7:26  Barracks  
  95  7:29  Marine  
  96  7:30  SCV  
  96  7:34  Barracks x2  
  96  7:35  Barracks  
  96  7:36  Barracks  
  96  7:37  Marauder  
  99  7:40  Barracks  
  92  7:58  Marauder  
  94  8:00  Marine x2  
  94  8:03  Siege Tank  
  99  8:07  SCV x3  
  102  8:17  Marine x2  
  102  8:19  Marauder, SCV x3  
  109  8:20  Supply Depot  
  109  8:25  Barracks Reactor  
  109  8:26  Barracks Reactor, Barracks Tech Lab  
  109  8:27  Barracks Reactor, Barracks Tech Lab  
  109  8:30  Factory  
  109  8:31  SCV  
  109  8:32  Starport Reactor  
  110  8:35  Marine  
  110  8:39  Combat Shield  
  110  8:41  Marauder  
  113  8:43  Barracks Tech Lab  
  113  8:44  Supply Depot  
  113  8:48  Refinery  
  113  8:52  Missile Turret  
  113  8:56  Sensor Tower  
  113  8:57  Marauder x2  
  113  8:58  Marine x2  
  113  9:02  Marauder  
  121  9:06  Terran Infantry Weapons Level 1  
  121  9:07  Supply Depot  
  121  9:09  Armory  
  121  9:10  Medivac  
  121  9:11  Medivac  
  121  9:16  Marine x2  
  127  9:19  Marauder x2  
  127  9:23  SCV x2  
  127  9:24  Marauder, SCV  
  135  9:30  Command Center  
  135  9:31  Supply Depot  
  135  9:32  Factory Tech Lab  
  135  9:35  SCV  
  135  9:36  SCV x2  
  138  9:40  Medivac, Marauder  
  138  9:41  Medivac  
  144  9:46  Concussive Shells  
  144  9:47  SCV, Marauder x2  
  144  9:52  Marine x4, SCV x2  
  157  9:53  Marauder  
  157  9:54  Supply Depot  
  157  10:16  Marine x3, Marauder x2, SCV  
  157  10:18  Supply Depot  
  157  10:20  Supply Depot  
  157  10:21  Supply Depot x3  
  165  10:22  Supply Depot  
  165  10:39  Marine x6  
  165  10:40  Marauder  
  173  10:46  Supply Depot  
  173  10:47  Supply Depot  
  173  10:49  Supply Depot  
  88  11:56  Marauder  
  88  11:57  Marine x4, Marauder x3  
  88  11:58  Marine x4  
  88  12:00  Thor  
  88  12:01  Thor  
  114  12:15  Marine x4  
  109  12:16  Marine  
  109  12:18  Marauder x4  
  109  12:21  Marine  
  109  12:22  Marine x2  
  122  12:25  Medivac  
  122  12:26  Medivac  
  126  12:32  Marine  
  126  12:33  Marine x3  
  126  12:34  Marine  
  131  12:39  Marine x2, Marauder  
  131  12:40  Marauder x3  
  131  12:43  Thor  
  131  12:44  Thor  
  147  12:47  Command Center  
  153  12:57  Starport  
  157  13:00  Missile Turret x2  
  157  13:01  Missile Turret, Marauder x3  
  157  13:04  Missile Turret, Sensor Tower  
  163  13:07  Viking  
  163  13:08  Viking  
  163  13:26  Thor  
  163  13:27  Thor  
  168  13:30  Smart Servos  
  174  13:37  Viking  
  174  13:38  Viking  
  141  14:09  Thor  
  147  14:16  Marine x5  
  152  14:21  Thor  
  138  14:31  Orbital Command, Refinery  
  138  14:32  Orbital Command  
  138  14:34  Refinery  
  85  14:55  Marine x3  
  85  14:56  Marine  
  87  15:04  Thor  
  81  15:15  Viking  
  81  15:16  Viking x2  
Tags
 
Add a new tag
Caveats
  • Supply blocks, unpowered buildings, or Contaminate may cause inaccurate times.
  • Supply counts are checked every 10 seconds.